 Dungeon Crawl Stone Soup version 0.25.0-10-g039870ee82 (webtiles) character file.

Game seed: 10235034648399296206

1707 grindst0ne the Disciple of Destruction (level 8, -1/60 HPs)
             Began as a Deep Dwarf Artificer on June 22, 2020.
             Was a Follower of Makhleb.
             Slain by a raiju (2 damage)
             ... on level 2 of the Abyss.
             The game lasted 00:28:13 (5700 turns).

grindst0ne the Disciple of Destruction (DDAr)       Turns: 5700, Time: 00:28:14

Health: -1/60      AC:  7    Str: 17    XL:     8   Next: 73%
Magic:  11/11      EV: 13    Int: 13    God:    Makhleb [*.....]
Gold:   253        SH:  0    Dex:  9    Spells: 7/7 levels left

rFire    . . .     SeeInvis +   i - +0 flail
rCold    + . .     Gourm    .   (no shield)
rNeg     . . .     Faith    .   c - +3 leather armour {rC+}
rPois    .         Spirit   .   x - +0 helmet
rElec    .         Reflect  .   (no cloak)
rCorr    .         Harm     .   (no gloves)
MR       ++...                  (no boots)
Stlth    +.........             (no amulet)
HPRegen  0.00/turn              m - ring of see invisible
MPRegen  0.12/turn              t - ring of protection from magic

@: non-regenerating
A: damage resistance, heal wounds, [clumsy 2], [frail 2], sense surroundings 1,
no regeneration
a: Heal Wounds, Renounce Religion


You were on level 2 of the Abyss.
You worshipped Makhleb.
Makhleb was aware of your devotion.
You were hungry.

You visited 1 branch of the dungeon, and saw 6 of its levels.
You visited the Abyss 1 time.
You also visited: Sewer.

You collected 253 gold pieces.

Inventory:

Hand Weapons
 a - a +0 short sword
 i - a +0 flail (weapon)
 l - a +0 spear
Missiles
 g - 4 boomerangs (quivered)
 j - 173 stones
 v - 6 poisoned darts
Armour
 c - a +3 leather armour of cold resistance (worn)
 r - a +0 ring mail
 x - a +0 helmet (worn)
Jewellery
 m - a ring of see invisible (left hand)
 t - a ring of protection from magic (right hand)
Wands
 e - a wand of random effects (3)
 z - a wand of polymorph (3)
Scrolls
 b - a scroll of fog
 p - 3 scrolls of remove curse
 q - 3 scrolls of enchant weapon
 u - a scroll of fear
 w - a scroll of magic mapping {unknown}
 y - a scroll of amnesia {unknown}
Potions
 k - a potion of brilliance
 s - 2 potions of magic
Comestibles
 f - 9 rations


   Skills:
 + Level 5.5 Fighting
 - Level 0.8 Short Blades
 - Level 4.2 Armour
 - Level 5.0 Dodging
 - Level 1.2 Stealth
 * Level 8.3 Invocations
 - Level 6.0 Evocations


You had 7 spell levels left.
You didn't know any spells.
Your spell library was empty.

Dungeon Overview and Level Annotations

Branches:
Dungeon (6/15)             Temple (0/1) D:4           Sewer (visited)

Altars:
Gozag
Makhleb
Nemelex Xobeh
Wu Jian
Yredelemnul


Innate Abilities, Weirdness & Mutations

You are resistant to damage.
You can heal yourself by infusing magical energy.
You passively map a small area around you.
You do not regenerate.
[You are very clumsy. (Dex -4)]
[You are very frail. (-20% HP)]


Message History

Evoke which item? (* to show all) (? for menu, Esc to quit)
Okay, then.
You are too injured to fight recklessly!
You feel better. The raiju bites you.
* * * LOW HITPOINT WARNING * * *
The raiju shocks you!
* * * LOW HITPOINT WARNING * * *
The small abomination barely misses you.
Evoke which item? (* to show all) (? for menu, Esc to quit)
Okay, then.
As you read the scroll labeled AMIOCZIMA, it crumbles to dust.
You assume a fearsome visage.
The small abomination is unaffected.
The raiju looks frightened! x2; The smoke demon is unaffected.
It was a scroll of fear.
The small abomination closely misses you.
You feel yourself growing ill in the presence of the ancient zyme.
The small abomination misses you.
Your leather armour prevents you from hitting the raiju.
The raiju seems to regain its courage.
The raiju bites you.
You die...

# # #.#
######.#.
#.h......
...# #@# #.#
h . . # #x#
#.# ... .
#x#
#.###..##
#x# #
.3h.... .##
#.###.#.##
.### #
#.3.x###.#.#
.
#####.#.#3#
. #.###x#. #
## #.#.#
..x## .


You could see an ancient zyme, a smoke demon, a raiju and 2 small abominations.

Vanquished Creatures
  Eustachio (D:5)
  Duvessa (D:5)
  2 black bears (D:6)
  An ogre (D:5)
  6 big kobolds (Sewer)
  Dowan (D:5)
  2 scorpions (D:5)
  2 crimson imps (D:5)
  A centaur zombie (D:5)
  An orc priest (D:6)
  2 hounds
  2 orc wizards (D:6)
  A worker ant (D:5)
  An iguana (D:5)
  A hound zombie (D:5)
  3 hound skeletons (D:5)
  12 adders
  3 gnolls (D:4)
  4 oozes
  2 adder skeletons
  6 worms
  A dart slug (D:3)
  A leopard gecko (D:4)
  9 orcs
  7 bats
  10 giant cockroaches
  3 goblins
  6 hobgoblins
  3 jackals (D:3)
  3 quokkas
  4 ball pythons
  4 frilled lizards
  15 kobolds
  A quokka skeleton (D:5)
  7 rats
129 creatures vanquished.

Vanquished Creatures (collateral kills)
  A bullfrog skeleton (D:5)
  A shadow imp (Abyss:2)
2 creatures vanquished.

Grand Total: 131 creatures vanquished

Notes
Turn   | Place    | Note
-------+----------+-------------------------------------------
     0 | D:1      | grindst0ne the Deep Dwarf Artificer began the quest for the
                  | Orb.
     0 | D:1      | Reached XP level 1. HP: 16/16 MP: 3/3
   182 | D:1      | Reached skill level 1 in Fighting
   555 | D:1      | Reached XP level 2. HP: 18/25 MP: 5/5
   711 | D:2      | Found an opulent altar of Gozag.
   758 | D:2      | Reached skill level 1 in Armour
   770 | D:2      | Found a faded altar of an unknown god.
   875 | D:2      | Reached XP level 3. HP: 31/31 MP: 6/6
  1301 | D:2      | Found a sparkling altar of Nemelex Xobeh.
  1301 | D:2      | Found an opulent altar of Gozag.
  1535 | D:3      | Reached XP level 4. HP: 22/39 MP: 7/7
  1711 | D:3      | Reached skill level 5 in Evocations
  1764 | D:3      | Found a glowing drain.
  1785 | Sewer    | Entered a sewer
  1937 | Sewer    | Noticed a big kobold
  1957 | Sewer    | Killed a big kobold
  1957 | Sewer    | Reached XP level 5. HP: 38/46 MP: 7/9
  2091 | Sewer    | Reached XP level 6. HP: 43/55 MP: 10/10
  2582 | Sewer    | Reached XP level 7. HP: 36/62 MP: 11/11
  2786 | D:3      | Found a basalt altar of Yredelemnul.
  2920 | D:3      | Found a burning altar of Makhleb.
  2935 | D:3      | Became a worshipper of Makhleb the Destroyer
  3078 | D:3      | Found an ornate altar of the Wu Jian Council.
  3412 | D:4      | Found a staircase to the Ecumenical Temple.
  3487 | D:4      | Reached skill level 5 in Dodging
  3487 | D:4      | Reached skill level 1 in Invocations
  3811 | D:5      | Entered Level 5 of the Dungeon
  3848 | D:5      | Reached skill level 2 in Invocations
  3982 | D:5      | Reached * piety under Makhleb
  3991 | D:5      | Reached skill level 3 in Invocations
  4012 | D:5      | Noticed Duvessa
  4012 | D:5      | Noticed Dowan
  4034 | D:5      | Killed Dowan
  4128 | D:5      | Killed Duvessa
  4128 | D:5      | Reached skill level 4 in Invocations
  4211 | D:5      | Noticed Eustachio
  4224 | D:5      | Killed Eustachio
  4224 | D:5      | Reached skill level 5 in Invocations
  4224 | D:5      | Reached XP level 8. HP: 56/73 MP: 10/10
  4382 | D:5      | Reached skill level 6 in Invocations
  4696 | D:5      | Reached skill level 5 in Fighting
  4732 | D:5      | Reached skill level 7 in Invocations
  5192 | D:6      | Reached skill level 8 in Invocations
  5343 | D:6      | Cast into level 1 of the Abyss (wight)
  5363 | Abyss:1  | Noticed a smoke demon
  5368 | Abyss:2  | Found a corrupted altar of Lugonu.
  5412 | Abyss:2  | Noticed a worldbinder
  5413 | Abyss:2  | Noticed a wretched star
  5635 | Abyss:2  | Noticed an ancient zyme
  5668 | Abyss:2  | Noticed a large abomination
  5675 | Abyss:2  | Noticed a smoke demon
  5682 | Abyss:2  | Noticed a raiju
  5682 | Abyss:2  | Noticed a raiju
  5687 | Abyss:2  | HP: 1/60 [small abomination (10)]
  5700 | Abyss:2  | Slain by a raiju

Illustrated notes

Levels and vault maps discovered:
D:1:      lemuel_arrival_funnel, layout_basic
D:2:      layout_loops_cross, grunt_temple_overflow_opulence,
          chequers_ecumenical_altar_island, chequers_hall_statues_corner_a,
          nicolae_gozag_seed_capital
D:3:      layout_rooms, old_standard_altar, makhleb_blood_cavern_becter,
          lemuel_crystal_altar, gup_sewer_entry_glass, serial_bayou_lake_a
D:4:      layout_loops_ring, minmay_temple_entry_steel_oval, first_ration,
          minmay_misc_feat_doors
D:5:      layout_gridville, uniq_eustachio, uniq_duvessa
D:6:      layout_basic
Abyss:2:  base: D:4, hangedman_abyss_or_decor_slice

Skill      XL: |  1  2  3  4  5  6  7  8 |
---------------+-------------------------+-----
Fighting       | 1 2 3 4 5 |  5.5
Armour         | 1 2 3 4 |  4.2
Dodging        | 3 4 5 |  5.0
Evocations     | 5 6 |  6.0
Invocations    | 5 8 |  8.3
Short Blades   | |  0.8
Stealth        | |  1.2

Action                   |  1- 3 |  4- 6 |  7- 9 || total
-------------------------+-------+-------+-------++-------
Melee: Short sword       |    59 |       |       ||    59
       Spear             |    69 |       |       ||    69
       Flail             |     5 |   266 |   308 ||   579
Throw: Stone             |    22 |    23 |     4 ||    49
       Boomerang         |       |       |    68 ||    68
       Dart              |       |       |    39 ||    39
 Abil: Heal Wounds       |     1 |     3 |    15 ||    19
Evoke: Wand              |     6 |     3 |    41 ||    50
  Use: Scroll            |     2 |       |     8 ||    10
       Potion            |       |       |     5 ||     5
 Stab: Sleeping          |     2 |       |     1 ||     3
       Paralysed         |       |       |     9 ||     9
  Eat: Chunk             |     2 |     5 |    10 ||    17
Armor: Leather armour    |    20 |       |    55 ||    75
       Ring mail         |    18 |   102 |    68 ||   188
Dodge: Dodged            |    87 |   185 |   305 ||   577
